 Dungeon Crawl Stone Soup version 0.29.1-1-gd02db6906a (webtiles) character file.

Game seed: 11283978202615202799

16970 jiml777 the Thaumaturge (level 12, -2/92 HPs)
             Began as a Gnoll Air Elementalist on Sept 8, 2022.
             Was a Believer of Ashenzari.
             Slain by a wolf (8 damage)
             ... on level 2 of the Lair of Beasts on Sept 15, 2022.
             The game lasted 01:36:34 (14441 turns).

jiml777 the Thaumaturge (Gnoll Air Elementalist)   Turns: 14441, Time: 01:36:35

Health: -2/92      AC: 19    Str:  7    XL:     12   Next: 43%
Magic:  34/34      EV: 16    Int: 20    God:    Ashenzari [**....]
Gold:   677        SH:  0    Dex: 13    Spells: 16/29 levels left

rFire   . . .      SeeInvis +   Q - +4 rapier (protect)
rCold   . . .      Faith    .   (no shield)
rNeg    . . .      Spirit   .   R - +0 troll leather armour
rPois   .          Reflect  .   m - +2 helmet "Omen of Ashenzari" {Fort, Cun} (curse)
rElec   .          Harm     .   p - +0 cloak
rCorr   .          Rampage  .   k - +0 pair of gloves
Will    .....                   (no boots)
Stlth   ++........              w - amulet of regeneration
HPRegen 1.85/turn               o - ring "Sybil of the Bound Seer" {Wiz, Cun, Melee} (curse)
MPRegen 0.24/turn               u - ring "Shattered Oracle" {MP+9, Alch, Fort} (curse)

@: confused, ambrosia-drunk, under a protective aura
A: fangs 1, strong nose, distributed training
a: Renounce Religion, Curse Item, Shatter the Chains


You were on level 2 of the Lair of Beasts.
You worshipped Ashenzari.
Ashenzari was pleased with you.
You visited 3 branches of the dungeon, and saw 13 of its levels.
You also visited: Ossuary and Bailey.

You collected 677 gold pieces.

Inventory:

Hand Weapons
 F - a +2 short sword of freezing
 I - a +2 scimitar of freezing
 P - a +3 hand axe of electrocution
 Q - a +4 rapier of protection (weapon)
Missiles
 d - 86 stones
 h - 13 poisoned darts
 x - 3 curare-tipped darts
 L - 6 boomerangs of dispersal
 O - a throwing net
Armour
 k - a +0 pair of gloves (worn)
 m - the cursed +2 helmet "Omen of Ashenzari" (worn) {Fort, Cun}
   (You found it on level 3 of the Dungeon)

   It has a curse which improves the following skills: Fortitude: Armour and
   Shields.
   Cunning:   Dodging and Stealth.
 p - a +0 cloak (worn)
 z - a scarf of repulsion
 D - an orb of light
 J - a +2 robe of fire resistance
 M - an orb of guile
 R - a +0 troll leather armour (worn)
Jewellery
 c - a +6 ring of intelligence
 j - an amulet of the acrobat
 o - the cursed ring "Sybil of the Bound Seer" (left hand) {Wiz, Cun, Melee}
   (You found it on level 5 of the Dungeon)

   [ring of wizardry]

   It improves your spell success rate.
   It has a curse which improves the following skills: Cunning: Dodging and
   Stealth.
   Melee Combat: Short Blades, Long Blades, Axes, Maces & Flails, Polearms,
   Staves and Unarmed Combat.
 u - the cursed ring "Shattered Oracle" (right hand) {MP+9, Alch, Fort}
   (You found it on level 3 of the Dungeon)

   [ring of magical power]

   MP:        It affects your magic capacity (+9).
   It has a curse which improves the following skills: Alchemy: Poison Magic and
   Transmutations.
   Fortitude: Armour and Shields.
 w - an amulet of regeneration (around neck)
 A - a +6 ring of dexterity
 N - a ring of resist corrosion
 U - a +4 ring of evasion
Wands
 f - a wand of acid (21)
 s - a wand of roots (15)
 y - a wand of mindburst (31)
 E - a wand of flame (43)
 G - a wand of charming (24)
 V - a wand of polymorph (2)
Scrolls
 a - 2 scrolls of fear
 q - a scroll of identify
 r - 8 scrolls of teleportation
 C - 3 scrolls of vulnerability
 K - a scroll of amnesia
 T - a scroll of magic mapping
Potions
 b - 5 potions of magic
 e - 2 potions of might
 g - a potion of brilliance
 i - 8 potions of curing
 l - 5 potions of mutation
 n - a potion of resistance
 t - 3 potions of invisibility
 v - 5 potions of haste
 B - 5 potions of ambrosia
 H - 2 potions of cancellation
 S - 2 potions of berserk rage


   Skills:
 + Level 7.7 Fighting
 + Level 7.7(9.0) Short Blades
 + Level 7.7(9.0) Long Blades
 + Level 7.7(9.0) Axes
 + Level 7.7(9.0) Maces & Flails
 + Level 7.7(9.0) Polearms
 + Level 7.7(9.0) Staves
 + Level 7.7 Ranged Weapons
 + Level 7.7 Throwing
 + Level 7.7(9.6) Armour
 + Level 9.0(10.9) Dodging
 + Level 8.8(10.7) Stealth
 + Level 7.7(9.6) Shields
 + Level 7.7(9.0) Unarmed Combat
 + Level 9.2 Spellcasting
 + Level 6.8 Conjurations
 + Level 6.4 Hexes
 + Level 6.4 Summonings
 + Level 6.4 Necromancy
 + Level 6.4 Translocations
 + Level 6.4(7.6) Transmutations
 + Level 6.4 Fire Magic
 + Level 6.4 Ice Magic
 + Level 8.5 Air Magic
 + Level 6.4 Earth Magic
 + Level 6.4(7.6) Poison Magic
 + Level 8.4 Invocations
 + Level 7.7 Evocations


You had 16 spell levels left.
You knew the following spells:

 Your Spells              Type           Power      Damage    Failure   Level
a - Shock                 Conj/Air       100%       1d9       1%          1
b - Static Discharge      Conj/Air       40%        3-8/arc   1%          2
c - Swiftness             Air            43%        N/A       1%          3
d - Airstrike             Air            21%        2d(4-20)  1%          4
e - Apportation           Tloc           68%        N/A       1%          1
f - Blink                 Tloc           68%        N/A       1%          2

Your spell library contained the following spells:

 Spells                   Type           Power      Damage    Failure   Level
 Necrotise                Necr           100%       1d9       1%          1
 Summon Small Mammal      Summ           100%       N/A       1%          1
 Call Canine Familiar     Summ           34%        N/A       1%          3
 Dazzling Flash           Conj/Hex       70%        N/A       1%          3
 Summon Guardian Golem    Hex/Summ       34%        N/A       1%          3
 Vampiric Draining        Necr           34%        2d8       1%          3
 Iskenderun's Mystic Bla  Conj/Tloc      35%        2d8       2%          4
 Petrify                  Tmut/Erth      37%        N/A       2%          4
 Alistair's Intoxication  Tmut/Pois      26%        N/A       4%          5
 Agony                    Necr           34%        N/A       9%          5
 Manifold Assault         Tloc           34%        N/A       9%          5
 Metabolic Englaciation   Hex/Ice        17%        N/A       9%          5
 Statue Form              Tmut/Erth      24%        N/A       32%         6
 Starburst                Conj/Fire      17%        6d6       38%         6
 Storm Form               Tmut/Air       20%        N/A       73%         7


Dungeon Overview and Level Annotations

Branches:
Dungeon (10/15)            Temple (1/1) D:7            Lair (2/5) D:10
Ossuary (visited)          Bailey (visited)
  Swamp: Lair:2-3    Shoals: Lair:2-3     Snake: Lair:2-3    Spider: Lair:2-3
    Orc: D:9-12

Altars:
Ashenzari
Cheibriados
Dithmenos
Elyvilon
Fedhas
Gozag
Hepliaklqana
Kikubaaqudgha
Makhleb
Nemelex Xobeh
Okawaru
Qazlal
Ru
Sif Muna
Trog
Uskayaw
Vehumet
Wu Jian
Xom
Yredelemnul
Zin
The Shining One

Shops:
D:1 (   D:5 :   D:6 **   D:9 *


Innate Abilities, Weirdness & Mutations

You have very sharp teeth.
Your uncanny sense of smell can sniff out nearby items.
Your experience applies equally to all skills.


Message History

The wyvern is moderately wounded.
The wolf closely misses you. The wolf bites you but does no damage.
The wyvern bites you. The wolf closely misses you. The wolf bites you.
You hit the wyvern.
The wyvern is moderately wounded.
The wolf bites you but does no damage.
The wyvern bites you but does no damage.
The wolf bites you. The wolf bites you but does no damage.
The wolf barely misses you.
You hit the wyvern. You punch the wyvern, but do no damage.
The wyvern is moderately wounded.
The wolf bites you but does no damage. The wyvern bites you!
* * * LOW HITPOINT WARNING * * *
The wolf completely misses you. The wolf bites you.
* * * LOW HITPOINT WARNING * * *
You hit the wyvern. You punch the wyvern.
The wyvern is heavily wounded.
The wolf closely misses you. x2; The wyvern bites you!
* * * LOW HITPOINT WARNING * * *
The wolf closely misses you. The wolf bites you but does no damage.
The wolf closely misses you. The wyvern closely misses you.
You puncture the wyvern! You punch the wyvern.
The wyvern is almost dead.
The wolf bites you but does no damage. The wolf closely misses you. x2
The wyvern misses you. The wolf bites you.
* * * LOW HITPOINT WARNING * * *
You are confused.
You feel invigorated. The wolf barely misses you.
The wolf bites you but does no damage. x2; The wyvern closely misses you.
The wolf bites you but does no damage. The wolf completely misses you.
The wolf barely misses you. The wyvern bites you.
* * * LOW HITPOINT WARNING * * *
The wolf barely misses you.
The wolf bites you but does no damage. x2
The wyvern bites you!
* * * LOW HITPOINT WARNING * * *
Okay, then.
You closely miss the wyvern. Your bite misses the wyvern.
The wyvern is almost dead.
The wolf bites you but does no damage. The wolf bites you!
You die...

#.......................
#...b......P#...........
#..^......###.#.........
#.........# ######.#P.##
##+#$..#### ####.#
#..P...# ## ..#
##.#....##.## *. *
P......hh...# *,
#...$..l@...#
....P..h.....# ,
#...........P# * ,,
.....[......+... , ,
P............#.#
....>.......## # *
*#...........#
#...########


You could see a wyvern and 3 wolves.

Vanquished Creatures
  2 hydras
  A two-headed ogre (D:10)
  The ghost of TheSexyCheese the Cleaver, a novice MiBe of Trog (D:8)
  Pikel (D:6)
  A black mamba (Lair:1)
  A gargoyle (D:10)
  3 cane toads (Lair:1)
  An unseen horror zombie (D:8)
  A queen bee (Lair:1)
  A troll (D:8)
  A polar bear (Lair:1)
  Prince Ribbit (D:8)
  Sigmund (D:2)
  A shadow (D:10)
  A wraith (Ossuary)
  2 wyverns (D:9)
  4 yaks (D:10)
  3 steam dragons
  4 water moccasins
  Duvessa (D:6)
  2 sky beasts (D:8)
  2 ice beasts (D:5)
  3 orc warriors
  2 black bears
  9 wolves
  2 centaurs (D:9)
  2 kobold brigands
  A lemure (D:6)
  A phantom (D:5)
  A necrophage (D:2)
  2 scorpions
  7 bullfrogs
  6 wights
  Dowan (D:6)
  33 killer bees
  3 howler monkeys (D:5)
  An electric eel (D:9)
  4 jellies
  A hound (D:4)
  2 gnoll boudas
  2 orc priests
  3 iron imps (D:9)
  7 orc wizards
  4 iguanas
  17 gnolls
  7 adders
  A shadow imp (D:5)
  A white imp (D:5)
  An adder zombie (Ossuary)
  A worm (D:2)
  3 dart slugs
  44 orcs
  3 ball pythons
  4 endoplasms
  2 giant cockroaches (D:1)
  6 hobgoblins
  4 jackals (D:5)
  5 quokkas
  2 ball python skeletons (Ossuary)
  6 bats
  5 frilled lizards
  2 goblins
  A hobgoblin zombie (Ossuary)
  6 kobolds
  A kobold zombie (Ossuary)
  An orc skeleton (Ossuary)
  2 orc zombies (Ossuary)
  6 rats
264 creatures vanquished.

Vanquished Creatures (others)
  3 fungi
  A plant (Lair:2)
4 creatures vanquished.

Grand Total: 268 creatures vanquished

Notes
Turn   | Place    | Note
-------+----------+-------------------------------------------
     0 | D:1      | jiml777 the Gnoll Air Elementalist began the quest for the
                  | Orb.
     0 | D:1      | Reached XP level 1. HP: 13/13 MP: 6/6
     0 | D:1      | Upgraded the game from 0.29.0-13-gc9e81de378 to
                  | 0.29.1-1-gd02db6906a
   155 | D:1      | Found a faded altar of an unknown god.
   209 | D:1      | Found Ciqanu's Weapon Shop.
   827 | D:2      | Found a glowing silver altar of Zin.
   839 | D:2      | Reached XP level 2. HP: 16/19 MP: 5/7
   861 | D:2      | Learned a level 2 spell: Static Discharge
  1058 | D:2      | Reached skill level 5 in Spellcasting
  1058 | D:2      | Reached XP level 3. HP: 25/25 MP: 6/9
  1073 | D:2      | Reached skill level 1 in Invocations
  1206 | D:2      | Noticed Sigmund
  1331 | D:2      | Reached skill level 1 in Fighting
  1331 | D:2      | Reached skill level 1 in Short Blades
  1331 | D:2      | Reached skill level 1 in Long Blades
  1331 | D:2      | Reached skill level 1 in Axes
  1331 | D:2      | Reached skill level 1 in Maces & Flails
  1331 | D:2      | Reached skill level 1 in Polearms
  1331 | D:2      | Reached skill level 1 in Staves
  1331 | D:2      | Reached skill level 1 in Ranged Weapons
  1331 | D:2      | Reached skill level 1 in Throwing
  1331 | D:2      | Reached skill level 1 in Armour
  1331 | D:2      | Reached skill level 1 in Shields
  1331 | D:2      | Reached skill level 1 in Unarmed Combat
  1331 | D:2      | Reached skill level 1 in Evocations
  1732 | D:2      | Reached XP level 4. HP: 32/32 MP: 6/11
  1826 | D:2      | Noticed a necrophage
  1841 | D:2      | Killed a necrophage
  1842 | D:2      | Reached skill level 1 in Hexes
  1842 | D:2      | Reached skill level 1 in Summonings
  1842 | D:2      | Reached skill level 1 in Necromancy
  1842 | D:2      | Reached skill level 1 in Translocations
  1842 | D:2      | Reached skill level 1 in Transmutations
  1842 | D:2      | Reached skill level 1 in Fire Magic
  1842 | D:2      | Reached skill level 1 in Ice Magic
  1842 | D:2      | Reached skill level 1 in Earth Magic
  1842 | D:2      | Reached skill level 1 in Poison Magic
  1842 | D:2      | Reached XP level 5. HP: 37/37 MP: 7/12
  2118 | D:2      | Killed Sigmund
  2119 | D:2      | Reached skill level 5 in Dodging
  2119 | D:2      | Reached XP level 6. HP: 40/44 MP: 10/14
  3016 | D:3      | Found a radiant altar of Vehumet.
  3509 | D:4      | Reached XP level 7. HP: 50/50 MP: 15/15
  3738 | D:4      | Reached skill level 5 in Stealth
  4031 | D:4      | Found a sand-covered staircase.
  4038 | Ossuary  | Entered an ossuary
  4356 | Ossuary  | Noticed a wraith
  4356 | Ossuary  | Noticed a flying skull
  4377 | Ossuary  | Learned a level 3 spell: Swiftness
  4382 | Ossuary  | Learned a level 4 spell: Airstrike
  4384 | Ossuary  | Learned a level 1 spell: Apportation
  4386 | Ossuary  | Noticed a flying skull
  4413 | Ossuary  | Noticed a flying skull
  4427 | Ossuary  | Reached XP level 8. HP: 36/58 MP: 16/16
  4553 | Ossuary  | Noticed a wraith
  4582 | Ossuary  | Killed a wraith
  4637 | Ossuary  | Noticed a flying skull
  4644 | Ossuary  | Noticed a wraith
  4793 | D:5      | Entered Level 5 of the Dungeon
  5031 | D:5      | Found Diakh's Book Shoppe.
  5112 | D:5      | Learned a level 2 spell: Blink
  5257 | D:5      | Found an ancient bone altar of Kikubaaqudgha.
  6153 | D:5      | Reached XP level 9. HP: 65/65 MP: 18/18
  6668 | D:6      | Noticed Duvessa
  6668 | D:6      | Noticed Dowan
  6671 | D:6      | Killed Dowan
  6683 | D:6      | Killed Duvessa
  6879 | D:6      | Noticed Pikel
  6883 | D:6      | Killed Pikel
  6884 | D:6      | Reached skill level 5 in Invocations
  6990 | D:6      | Found Jaicrajo's General Store.
  6994 | D:6      | Found Raodot's Specific Store.
  7197 | D:7      | Found a staircase to the Ecumenical Temple.
  7242 | D:7      | Found a flagged portal.
  7250 | Bailey   | Entered a bailey
  9439 | Temple   | Entered the Ecumenical Temple
  9482 | Temple   | Became a worshipper of Ashenzari the Shackled
  9709 | D:8      | Noticed Prince Ribbit
  9715 | D:8      | Reached skill level 5 in Fighting
  9715 | D:8      | Reached skill level 5 in Short Blades
  9715 | D:8      | Reached skill level 5 in Long Blades
  9715 | D:8      | Reached skill level 5 in Axes
  9715 | D:8      | Reached skill level 5 in Maces & Flails
  9715 | D:8      | Reached skill level 5 in Polearms
  9715 | D:8      | Reached skill level 5 in Staves
  9715 | D:8      | Reached skill level 5 in Ranged Weapons
  9715 | D:8      | Reached skill level 5 in Throwing
  9715 | D:8      | Reached skill level 5 in Armour
  9715 | D:8      | Reached skill level 5 in Shields
  9715 | D:8      | Reached skill level 5 in Unarmed Combat
  9715 | D:8      | Reached skill level 5 in Evocations
  9715 | D:8      | Reached XP level 10. HP: 73/74 MP: 20/20
  9718 | D:8      | Killed Prince Ribbit
  9993 | D:8      | Found a runed translucent gate.
  9994 | D:8      | Found a runed translucent gate.
  9995 | D:8      | Found a runed translucent gate.
  9999 | D:8      | Noticed TheSexyCheese's ghost (novice MiBe)
 10086 | D:8      | Reached skill level 5 in Conjurations
 10086 | D:8      | Reached skill level 5 in Hexes
 10086 | D:8      | Reached skill level 5 in Summonings
 10086 | D:8      | Reached skill level 5 in Necromancy
 10086 | D:8      | Reached skill level 5 in Translocations
 10086 | D:8      | Reached skill level 5 in Transmutations
 10086 | D:8      | Reached skill level 5 in Fire Magic
 10086 | D:8      | Reached skill level 5 in Ice Magic
 10086 | D:8      | Reached skill level 5 in Earth Magic
 10086 | D:8      | Reached skill level 5 in Poison Magic
 10086 | D:8      | Reached XP level 11. HP: 83/83 MP: 23/23
 10110 | D:8      | Identified the +1 ring mail of the Heavens {Str+4}
 10201 | D:8      | Identified the +0 quarterstaff of the Crypt {protect,
                  | Dex+3}
 10604 | D:8      | Killed TheSexyCheese's ghost
 10879 | D:9      | Found a burning altar of Makhleb.
 11024 | D:9      | Found a shimmering altar of Xom.
 11038 | D:9      | Found a blossoming altar of Fedhas.
 11124 | D:9      | Reached * piety under Ashenzari
 11303 | D:9      | Found Zin's Purification Station.
 11309 | D:9      | Found a glowing silver altar of Zin.
 11537 | D:9      | Reached ** piety under Ashenzari
 11762 | D:10     | Entered Level 10 of the Dungeon
 12361 | D:10     | Found a staircase to the Lair.
 12464 | D:10     | Noticed a two-headed ogre
 12468 | D:10     | Killed a two-headed ogre
 13042 | Lair:1   | Entered Level 1 of the Lair of Beasts
 13181 | Lair:1   | Reached XP level 12. HP: 91/91 MP: 24/24
 13293 | Lair:1   | Noticed a seven-headed hydra
 13300 | Lair:1   | Killed a seven-headed hydra
 13613 | Lair:1   | HP: 4/91 [poisoned by a cane toad]
 14176 | Lair:2   | Noticed an eight-headed hydra
 14182 | Lair:2   | Killed an eight-headed hydra
 14440 | Lair:2   | HP: 2/92 [wyvern (14)]
 14441 | Lair:2   | Slain by a wolf

Illustrated notes

Levels and vault maps discovered:
D:1:      minmay_arrival_up_and_down, layout_basic,
          hellmonk_ecumenical_altar_lost_god, serial_shops, shop,
          minmay_misc_feat_x
D:2:      layout_basic, basic_altar, st_stairs_8, minmay_misc_feat_doors,
          uniq_sigmund
D:3:      layout_loops_corners, fiery_altar_vehumet, serial_glass,
          glass_columns_c, glass_columns_a
D:4:      minmay_chambers_of_fours, layout_rooms, chequers_ossuary_entry_cave,
          amcnicky_mini_corridor_feature
D:5:      layout_basic, kennysheep_mini, serial_shops, nicolae_diamond_shop,
          roderic_lattice_a, nicolae_elevator_lobby_plus
D:6:      layout_rooms, nicolae_specific_store, uniq_pikel, uniq_duvessa
D:7:      layout_basic, minmay_temple_entry_nine_rooms, enter_bailey_2,
          serial_rivers, chequers_serial_rivers_room_a,
          chequers_serial_rivers_micro_a, chequers_serial_rivers_small_3,
          chequers_serial_rivers_small_a
D:8:      layout_cave_pools, gammafunk_ghost_necromancy, minivault_5,
          uniq_prince_ribbit1
D:9:      layout_stronghold, zin_purify, demons_altar, nicolae_overflow_squiral,
          grunt_ministairs_6
D:10:     layout_basic, lair_entry_dummy, nicolae_kite_square_tiling_tiny,
          kennysheep_path_1
Temple:   lightli_temple_of_artemis
Lair:1:   layout_roguey [special_room_bee], special_room
Lair:2:   layout_roguey, patterned_corridor, lemuel_fruit_fields

Skill      XL: |  1  2  3  4  5  6  7  8  9 10 11 12 |
---------------+-------------------------------------+-----
Conjurations   | 2 3 4 5 6 |  6.8
Spellcasting   | 5 6 7 8 9 |  9.2
Invocations    | 1 2 3 4 5 7 8 |  8.4
Fighting       | 1 2 3 5 6 7 |  7.7
Short Blades   | 1 2 3 5 6 7 |  7.7
Long Blades    | 1 2 3 5 6 7 |  7.7
Axes           | 1 2 3 5 6 7 |  7.7
Maces & Flails | 1 2 3 5 6 7 |  7.7
Polearms       | 1 2 3 5 6 7 |  7.7
Staves         | 1 2 3 5 6 7 |  7.7
Ranged Weapons | 1 2 3 5 6 7 |  7.7
Throwing       | 1 2 3 5 6 7 |  7.7
Armour         | 1 2 3 5 6 7 |  7.7
Shields        | 1 2 3 5 6 7 |  7.7
Unarmed Combat | 1 2 3 5 6 7 |  7.7
Evocations     | 1 2 3 5 6 7 |  7.7
Hexes          | 1 2 3 4 5 6 |  6.4
Summonings     | 1 2 3 4 5 6 |  6.4
Necromancy     | 1 2 3 4 5 6 |  6.4
Translocations | 1 2 3 4 5 6 |  6.4
Transmutations | 1 2 3 4 5 6 |  6.4
Fire Magic     | 1 2 3 4 5 6 |  6.4
Ice Magic      | 1 2 3 4 5 6 |  6.4
Earth Magic    | 1 2 3 4 5 6 |  6.4
Poison Magic   | 1 2 3 4 5 6 |  6.4
Dodging        | 5 6 8 9 |  9.0
Stealth        | 5 6 7 8 |  8.8
Air Magic      | 6 7 8 |  8.5

Action                   |  1- 3 |  4- 6 |  7- 9 | 10-12 || total
-------------------------+-------+-------+-------+-------++-------
Melee: Spear             |       |       |     8 |       ||     8
       Bite              |       |       |     2 |    83 ||    85
       Rapier            |       |       |       |   764 ||   764
       Punch             |       |       |       |    52 ||    52
       Hand axe          |       |       |       |    16 ||    16
 Cast: Shock             |    42 |    57 |   119 |     4 ||   222
       Airstrike         |       |       |    97 |    35 ||   132
       Swiftness         |       |       |     1 |       ||     1
Invok: Curse Item        |       |       |       |     3 ||     3
Evoke: Wand              |       |       |       |     1 ||     1
  Use: Potion            |       |     5 |     8 |     9 ||    22
       Scroll            |       |     3 |    14 |     3 ||    20
 Stab: Sleeping          |       |       |       |     9 ||     9
Armor: Robe              |     6 |     3 |    18 |       ||    27
       Troll leather arm |       |       |       |   407 ||   407
Dodge: Dodged            |    54 |    22 |    86 |   747 ||   909
